Cogmind - Beta 9.2 @@@ ROGUE MODE // 2019.11.17 @ 01:42:44 Player: Cassie Rose Result: Destroyed by G-34 Mercenary with Small Laser Performance ------------- Evolutions (0) 0 Regions Visited (4) 800 Robots Destroyed (26) 130 Value Destroyed (322) 322 Prototype IDs (22) 440 Alien Tech Used (0) 0 Bonus (300) 300 TOTAL SCORE: 1992 Bonus ------- Aligned with FarCom 300 Cogmind --------- Core Integrity 0/250 Matter 256/300 Energy 244/250 System Corruption 6% Temperature Cool (282) Movement Core (750) Ox14 Location -9/Mines Parts ------- > --- POWER (1) -------- Ion Engine > --- PROPULSION (2) --- (None) > --- UTILITY (2) ------ High-capacity Storage Unit Improved Sensor Array > --- WEAPON (2) ------- Beam Cannon Heavy Battle Rifle > --- INVENTORY (12) --- Improved Sensor Array Experimental Sensor Array Signal Interpreter Improved Terrain Scanner Terrain Scan Processor Transport Network Coupler 0b10 Alert Chip ECM Suite ECM Suite Assault Rifle Peak State ------------ > --- POWER ------------ Ion Engine > --- PROPULSION ------- Light Treads > --- UTILITY ---------- High-capacity Storage Unit Improved Sensor Array > --- WEAPON ----------- Beam Cannon Heavy Battle Rifle > --- INVENTORY -------- Improved Sensor Array Experimental Sensor Array Signal Interpreter Improved Terrain Scanner Terrain Scan Processor Transport Network Coupler 0b10 Alert Chip ECM Suite ECM Suite Assault Rifle [Rating: 12] Favorites ----------- Power Ion Engine Engine Ion Engine Propulsion Light Treads Treads Light Treads Utility High-capacity Storage Unit Device Improved Sensor Array Storage High-capacity Storage Unit Weapon Heavy Assault Rifle Energy Gun Small Laser Energy Cannon Beam Cannon Ballistic Gun Heavy Assault Rifle Launcher Grenade Launcher Build | -11 -10 -10 -10 -9 ------- Run | Scr Mat Min Exi Min Slots Evolved . | . . . . . Power . | . . . . . Propulsion . | . . . . . Utility . | . . . . . Weapon . | . . . . . Parts Attached 20 | 7 9 4 . . Power 4 | 1 2 1 . . Engine 4 | 1 2 1 . . Core . | . . . . . Reactor . | . . . . . Propulsion 3 | 2 1 . . . Treads 3 | 2 1 . . . Leg . | . . . . . Wheel . | . . . . . Hover . | . . . . . Flight . | . . . . . Utility 5 | 1 4 . . . Device 3 | . 3 . . . Storage 2 | 1 1 . . . Processor . | . . . . . Hackware . | . . . . . Protection . | . . . . . Artifact . | . . . . . Weapon 8 | 3 2 3 . . Energy Gun 1 | 1 . . . . Energy Cannon 1 | . . 1 . . Ballistic Gun 5 | 2 2 1 . . Ballistic Cannon . | . . . . . Launcher 1 | . . 1 . . Special Weapon . | . . . . . Impact Weapon . | . . . . . Slashing Weapon . | . . . . . Piercing Weapon . | . . . . . Special Melee Weapon . | . . . . . Unidentified Prototypes . | . . . . . Parts Lost 3 | . . 2 . 1 Power . | . . . . . Propulsion 2 | . . 1 . 1 Utility . | . . . . . Weapon 1 | . . 1 . . Highest Loss Streak 2 | . . 2 . 1 Average Slot Usage (%) 92 | . 99 91 85 71 Engine 14 | . 14 14 14 14 Treads 20 | . 28 20 14 . Device 13 | . 13 14 14 14 Storage 14 | . 14 14 14 14 Energy Cannon 6 | . . 6 14 14 Ballistic Gun 19 | . 28 14 14 14 Launcher 1 | . . 6 . . Naked Turns . | . . . . . Heaviest Build 45 | 13 44 45 45 45 Greatest Support 40 | 40 40 40 20 20 Greatest Overweight (x) 3 | 3 1 2 2 2 Average Overweight (x) 1 | . . 1 2 2 Largest Inventory Capacity 12 | 6 12 12 12 12 Average Capacity 11 | 5 11 12 12 12 Most Carried 12 | 4 12 11 10 10 Average Carried 9 | 2 9 10 9 10 Final Capacity 12 | 6 12 12 12 12 Final Carried 11 | 4 11 9 10 10 Class Distribution -------------------- 100% | Mutant Dominant Class ---------------- Mutant | -10/Materials Mutant | -10/Mines Mutant | -10/Exiles Mutant | -9/Mines Resources | -11 -10 -10 -10 -9 ----------- Run | Scr Mat Min Exi Min Matter Collected 794 | 199 419 176 . . Remotely . | . . . . . Salvage Created 626 | 138 443 45 . . Parts 45 | 18 26 1 . . Haulers Intercepted 1 | . 1 . . . Recyclers Shooed 1 | . 1 . . . Parts Field Recycled . | . . . . . Retrieved Matter . | . . . . . Parts Self-Destructed . | . . . . . Prevented . | . . . . . Kills | -11 -10 -10 -10 -9 ------- Run | Scr Mat Min Exi Min Combat Hostiles Destroyed 16 | . 8 8 . . Guns 10 | . 8 2 . . Cannons 1 | . . 1 . . AOE 5 | . . 5 . . Classes Destroyed 8 | 3 4 1 . . Worker 2 | 2 . . . . Tunneler 3 | 3 . . . . Hauler 1 | . 1 . . . Recycler 3 | 1 2 . . . Watcher 1 | . 1 . . . Swarmer 6 | . 3 3 . . Grunt 5 | . 5 . . . Assembled 5 | . . 5 . . Best Kill Streak 6 | 6 3 3 . . Combat Bots Only 3 | . 3 3 . . Max Kills in Single Turn 2 | 2 1 2 . . Gunslinging . | . . . . . Exploded 2 | . . 2 . . Melee . | . . . . . Uniques/NPCs Destroyed . | . . . . . Combat | -11 -10 -10 -10 -9 -------- Run | Scr Mat Min Exi Min Damage Taken 888 | . 358 416 . 114 Core 255 | . 138 81 . 36 Absorbed by Shields . | . . . . . Core Remaining (%) 100 | 100 . . . . Volleys Fired 73 | 13 32 24 . 4 Largest 2 | 2 2 2 . 2 Hottest 93 | 40 46 83 . 93 Shots Fired 124 | 24 64 28 . 8 Gun 110 | 24 64 18 . 4 Cannon 8 | . . 4 . 4 Launcher 6 | . . 6 . . Special . | . . . . . Kinetic 108 | 22 64 18 . 4 Thermal 10 | 2 . 4 . 4 Explosive 6 | . . 6 . . Electromagnetic . | . . . . . Robot Hit Streak 17 | 6 17 5 . 8 Robot Miss Streak 11 | 2 3 11 . . Penetration Max . | . . . . . Secondary Targets 2 | . 2 . . . Max Gunslinging Chain 1 | . 1 . . . Shots Hit Robots 78 | 14 46 10 . 8 Core Hits 37 | 7 16 13 . 1 Critical Hits 1 | 1 . . . . Critical Kills . | . . . . . Critical Parts Destroyed 1 | 1 . . . . Melee Attacks . | . . . . . Impact . | . . . . . Slashing . | . . . . . Piercing . | . . . . . Sneak Attacks . | . . . . . Combat Hostiles . | . . . . . Follow-up Attacks . | . . . . . Damage Inflicted 1454 | 194 659 449 . 152 Guns 1012 | 194 659 76 . 83 Cannons 87 | . . 18 . 69 Explosions 355 | . . 355 . . Melee . | . . . . . Ramming . | . . . . . Kinetic 1001 | 183 659 76 . 83 Thermal 134 | 11 . 54 . 69 Explosive 319 | . . 319 . . Electromagnetic . | . . . . . Impact . | . . . . . Slashing . | . . . . . Piercing . | . . . . . Highest Corruption 6 | . 3 3 3 6 Average Corruption 2 | . 2 3 3 4 Corruption Purged . | . . . . . Effects 48 | . 5 18 23 2 Message Errors 16 | . 3 3 10 . Matter Fused 9 | . . 4 5 . Heat Flow Errors 7 | . . 4 2 1 Energy Discharges 4 | . 2 1 1 . Data Loss (minor) 10 | . . 5 5 . Targeting Errors 2 | . . 1 . 1 Overload Shots . | . . . . . Overflow Damage 14 | . . 14 . . Projectiles . | . . . . . Explosions 14 | . . 14 . . Melee . | . . . . . Knockbacks . | . . . . . Impact . | . . . . . Kinetic . | . . . . . Secondary . | . . . . . Self-Inflicted Damage 160 | . . 160 . . Shots 6 | . . 6 . . Rammed . | . . . . . Targets Rammed . | . . . . . Kicked . | . . . . . Crushed . | . . . . . Highest Temperature 270 | . 19 227 191 270 Average Temperature 64 | . 5 74 86 109 Received Heat Transfer 236 | . 174 20 . 42 Siege Activations . | . . . . . Robots Corrupted . | . . . . . Combat Hostiles . | . . . . . Parts Fried . | . . . . . Impact Corruptions . | . . . . . Robots Melted . | . . . . . Combat Hostiles . | . . . . . Parts Melted . | . . . . . Heat Transferred 260 | 25 . 87 . 148 Parts Sabotaged . | . . . . . Parts Stolen . | . . . . . Parts Stripped . | . . . . . Power Chain Reactions . | . . . . . Missiles Intercepted . | . . . . . Alert | -11 -10 -10 -10 -9 ------- Run | Scr Mat Min Exi Min Peak Influence 125 | 30 125 65 . 15 Average Influence 26 | 8 32 21 . 10 Maximum Alert Level . | . . . . . Low Security (%) 100 | 100 100 100 . 100 Level 1 . | . . . . . Level 2 . | . . . . . Level 3 . | . . . . . Level 4 . | . . . . . Level 5 . | . . . . . High Security . | . . . . . Max Security . | . . . . . Squads Dispatched 2 | . 2 . . . Investigation 2 | . 2 . . . Extermination . | . . . . . Reinforcement . | . . . . . Assault . | . . . . . Garrison . | . . . . . Intercept . | . . . . . Construction Impeded . | . . . . . Haulers Reinforced . | . . . . . Stealth | -11 -10 -10 -10 -9 --------- Run | Scr Mat Min Exi Min Distress Signals . | . . . . . Communications Jammed . | . . . . . Distress Signals . | . . . . . Times Spotted 27 | . 16 8 . 3 Peak Tracking Total 3 | . 3 3 . 3 Tactical Retreats 4 | . 4 . . . Traps | -11 -10 -10 -10 -9 ------- Run | Scr Mat Min Exi Min Traps Triggered 3 | . 3 . . . Indirectly . | . . . . . Trap Hack Attempts . | . . . . . Triggered . | . . . . . Disarmed . | . . . . . Reprogrammed . | . . . . . Reused . | . . . . . Traps Extracted . | . . . . . Installed . | . . . . . Triggered . | . . . . . Machines | -11 -10 -10 -10 -9 ---------- Run | Scr Mat Min Exi Min Machines Disabled 2 | . 1 1 . . Max in Single Turn 1 | . 1 1 . . Machines Sabotaged . | . . . . . Garrisons Compromised . | . . . . . Overloaded Fab Kills . | . . . . . Fab Network Shutdowns . | . . . . . Hacking | -11 -10 -10 -10 -9 --------- Run | Scr Mat Min Exi Min Machines Accessed 13 | . 8 . 5 . Terminals 8 | . 8 . . . Fabricators . | . . . . . Repair Stations . | . . . . . Recycling Units . | . . . . . Scanalyzers . | . . . . . Garrison Access . | . . . . . Total Hacks 78 | . 29 . 49 . Successful 65 | . 16 . 49 . Failed 13 | . 13 . . . Catastrophic 1 | . 1 . . . Database Lockouts . | . . . . . Manual 27 | . 26 . 1 . Terminals 29 | . 29 . . . Fabricators . | . . . . . Repair Stations . | . . . . . Recycling Units . | . . . . . Scanalyzers . | . . . . . Garrison Access . | . . . . . Terminal Hacks 54 | . 5 . 49 . Record 48 | . . . 48 . Level Access Points 1 | . 1 . . . Branch Access Points 1 | . 1 . . . Zone Layout 3 | . 3 . . . EX-Prototype ID Bank 1 | . . . 1 . Fabricator Hacks . | . . . . . Repair Station Hacks . | . . . . . Recycling Unit Hacks . | . . . . . Scanalyzer . | . . . . . Garrison Access Hacks . | . . . . . Unauthorized Hacks 27 | . 27 . . . Terminals 11 | . 11 . . . Assimilate 4 | . 4 . . . Botnet 6 | . 6 . . . Operators 1 | . 1 . . . Fabricators . | . . . . . Repair Stations . | . . . . . Recycling Units . | . . . . . Scanalyzers . | . . . . . Garrison Access . | . . . . . Data Cores Recovered . | . . . . . Used . | . . . . . Hacking Detections 6 | . 6 . . . Full Trace Events 2 | . 2 . . . Feedback Events . | . . . . . Feedback Blocked . | . . . . . Robot Schematics Acquired . | . . . . . Robots Built . | . . . . . Matter . | . . . . . Time . | . . . . . Total Robot Build Rating . | . . . . . Part Schematics Acquired . | . . . . . Parts Built . | . . . . . Matter . | . . . . . Time . | . . . . . Total Part Build Rating . | . . . . . Parts Repaired . | . . . . . Time . | . . . . . Parts Recycled . | . . . . . Recycled Matter . | . . . . . Retrieved Matter . | . . . . . Retrieved Components . | . . . . . Parts Scanalyzed . | . . . . . Part Schematics Acquired . | . . . . . Parts Damaged . | . . . . . Bothacking | -11 -10 -10 -10 -9 ------------ Run | Scr Mat Min Exi Min Used RIF Installer . | . . . . . Robots Hacked . | . . . . . Non-combat . | . . . . . Combat . | . . . . . Robot Hacks Applied . | . . . . . Relay Couplers Released . | . . . . . Robots Rewired . | . . . . . Allies Hacked . | . . . . . Hacks Repelled . | . . . . . Allies | -11 -10 -10 -10 -9 -------- Run | Scr Mat Min Exi Min Total Allies . | . . . . . Largest Group . | . . . . . Highest-Rated Group . | . . . . . Highest-Rated Ally . | . . . . . Total Orders . | . . . . . Ally Attacks . | . . . . . Total Damage . | . . . . . Kills . | . . . . . Allies Corrupted . | . . . . . Allies Melted . | . . . . . Intel | -11 -10 -10 -10 -9 ------- Run | Scr Mat Min Exi Min Robot Analysis Total . | . . . . . Derelict Logs Recovered . | . . . . . Drone Launches . | . . . . . Drone Recoveries . | . . . . . Exploration | -11 -10 -10 -10 -9 ------------- Run | Scr Mat Min Exi Min Turns Passed 4322 | 132 1612 1009 1557 12 Spaces Moved 2090 | 52 782 480 775 1 Core 21 | 21 . . . . Treads 2069 | 31 782 480 775 1 Legs . | . . . . . Wheels . | . . . . . Hover . | . . . . . Flight . | . . . . . Fastest Speed 50 | 50 160 180 200 200 Average Speed 188 | 150 178 190 200 200 Slowest Speed 200 | 200 180 200 200 200 Overloaded Moves . | . . . . . Propulsion Burnouts . | . . . . . Robots Hopped . | . . . . . Cave-ins Triggered . | . . . . . Exploration Rate (%) 56 | 4 98 81 94 4 Regions Visited 4 Branch Regions 3 Pre-discovered Areas 1 | . . . 1 . Known Exits Taken 1 | . 1 . . . Unknown Exits Taken 3 | 1 . 1 1 . Scrap Searched 1 | . . 1 . . Spaces Dug . | . . . . . Terrain Destroyed 67 | . . 67 . . Melee . | . . . . . Projectile . | . . . . . AOE 67 | . . 67 . . Actions | -11 -10 -10 -10 -9 --------- Run | Scr Mat Min Exi Min Total 2355 | 81 936 550 783 5 Wait 133 | . 87 38 8 . Move 2086 | 51 781 479 774 1 Hop . | . . . . . Pick Up 29 | 10 16 2 1 . Fast Attach . | . . . . . Attach 8 | 6 1 1 . . Detach . | . . . . . Swap 12 | 1 8 3 . . Drop 14 | . 11 3 . . Fire 73 | 13 32 24 . 4 Melee . | . . . . . Ram . | . . . . . Kick . | . . . . . Crush . | . . . . . Escape Stasis . | . . . . . Rewire . | . . . . . Trap . | . . . . . Miscellaneous . | . . . . . Route ------- -11/Scrapyard -10/Materials (discovered 4 exits: *Mat x3 / *Min) -10/Mines (discovered 2 exits: *Mat / *Exi) -10/Exiles (discovered 2 exits: [*Min x2]) -9/Mines History --------- Turn | Location | Event 5 | -11/Scrapyard | Discovered new exit (range 15) 133 | -11/Scrapyard | Entered Materials 314 | -10/Materials | Build established: Mutant 398 | -10/Materials | Discovered new exit (range 14) 793 | -10/Materials | Discovered new exit (range 3) 1054 | -10/Materials | Discovered new exit (range 16) 1111 | -10/Materials | Core integrity fell below 50% 1328 | -10/Materials | Discovered new exit (range 7) 1476 | -10/Materials | Identified exit to Mines 1476 | -10/Materials | Identified exit to Materials 1745 | -10/Materials | Entered Mines 1904 | -10/Mines | Assembled infested the area 1909 | -10/Mines | Assisted by a Guerilla fighting off Assembled 1949 | -10/Mines | Found a damaged Exp. Sensor Array with a note attached 1953 | -10/Mines | Found Prototype Device 2431 | -10/Mines | Core integrity fell below 20% 2491 | -10/Mines | A weapon hastily lodged in a ceiling crevice suddenly fell to the ground 2664 | -10/Mines | Discovered exit to Materials (range 12) 2742 | -10/Mines | Deemed a non-threat by the Exiles lab entrance 2744 | -10/Mines | Discovered new exit (range 5) 2754 | -10/Mines | Entered Exiles 2796 | -10/Exiles | Discovered new exit (range 15) 2856 | -10/Exiles | Met 8R-AWN 2902 | -10/Exiles | Met EX-HEX 3028 | -10/Exiles | Met EX-DEC 3223 | -10/Exiles | Visited The Gauntlet 3536 | -10/Exiles | Learned location of Zion (-6) 3666 | -10/Exiles | Discovered new exit (range 14) 3796 | -10/Exiles | Met EX-BIN 3972 | -10/Exiles | Aligned with FarCom system 3974 | -10/Exiles | Given EX-Vault access code 4072 | -10/Exiles | Opened EX-Vault 4088 | -10/Exiles | Found 0b10 Alert Chip 4133 | -10/Exiles | Warned to stay clear of 0b10 Research branches 4311 | -10/Exiles | Left Exiles lab with 0b10 Alert Chip 4311 | -10/Exiles | Entered Mines 4323 | -9/Mines | Destroyed by G-34 Mercenary with Small Laser Last Messages --------------- EX-BIN: Oh yeah, I'd suggest you stay away from the 0b10 Research branches, since the FarCom signals could be picked up there, but you're welcome to try if you really want to. And if we have to leave here due to unforeseen circumstances, don't worry the FarCom system will continue to maintain contact via our distributed network. EX-BIN: And don't even think about spreading that code around. We're gonna change it right after you leave. Most certainly not to something like 1234 which I did last time as a little joke and some thief managed to sneak in here and steal a few of HEX's prototypes. 04190_ System corrupted: Matter fused (-9). 04222_ System corrupted: Matter fused (-7). 04238_ | QN WVYNI4V G%NRC LOCATION=UNKNOWN GOAL=ESCAPE 04311_ Receiving FarCom transmissions... 04319_ Lgt. Treads destroyed. 04319_ System corrupted by crushing effect (+3). 04320_ System corrupted: Heat flow error (+136). 04322_ System corrupted: Beam Cannon targeting data glitched. Map ----- +----------------------------------------------------+ | | | | | | | | | | | | | | | | | | | | | | | | | | | | | | | | | | | | | | | | | ??????????????????????????????????????? | | ??????????????????????????????????????? | | ????????????????????????#######???????? | | ???????????????????????## ######??? | | ???????????????????????# #??? | | ???????????????????????# @b #?? | | ???????????????????????# g g #?? | | ???????????????????????## ## ##?? | | ????????????????????????# ##?? ####??? | | ????????????????????????# #????##?????? | | ???????????????????????? ???????????? | | ????????????????????????###???????????? | | ??????????????????????????????????????? | | ??????????????????????????????????????? | | ??????????????????????????????????????? | | ??????????????????????????????????????? | | ??????????????????????????????????????? | | ??????????????????????????????????????? | | ??????????????????????????????????????? | | ??????????????????????????????????????? | | ??????????????????????????????????????? | | ??????????????????????????????????????? | | ??????????????????????????????????????? | | ??????????????????????????????????????? | | ??????????????????????????????????????? | | ??????????????????????????????????????? | | ??????????????????????????????????????? | | ??????????????????????????????????????? | | ??????????????????????????????????????? | | ??????????????????????????????????????? | +----------------------------------------------------+ Best States ------------- Heat Dissipation 25 Energy Generation 10 Energy Capacity 250 Matter Stores 300 Matter Capacity 300 Sight Range 16 Robot Scan Range 13 Terrain Scan Range 16 Terrain Scan Density 10 Evasion (%) 40 Recoil Reduction 2 Item Schematics ----------------- None Robot Schematics ------------------ None Fabricated ------------ Nothing Alien Tech Used ----------------- None Achievements -------------- I Survived The Infestation Challenges ------------ None Game ------ Seed BoreChromaticRipper Manual? 0 Play Time 00:40:33 Cumulative 18.1 hours Start 2019.11.17 @ 00:59:37 End 2019.11.17 @ 01:42:44 Sessions 1 Manual Loads 0 Difficulty Rogue Special Mode None Game No. 26 Rogue 26 Adventurer 0 Explorer 0 Win Type - Total 0 Types 0/0/0/0/0/0/0 Lore% 20 Gallery% 15 Achievement% 17 Wizard Run 0 Options --------- ASCII 0 Keyboard 0 Movement Mouse Keybinds 0 Fullscreen 1 Font 18/X11 Map View 76x50 Tactical HUD 1 Map Filters NONE Filters LOW_CONTRAST(13,24,33) Steam 1 RUN: 613fe8fb-5dfb-42b6-afde-bff591f2bb92